 Dungeon Crawl Stone Soup version 0.29.1-15-g9cfb28693d (webtiles) character file.

Game seed: 15200804849152948784

6 rehlor the Trooper (level 1, 0/14 HPs)
             Began as a Gargoyle Fighter on Apr 24, 2023.
             Frozen to death by an endoplasm (5 damage)
             ... on level 1 of the Dungeon.
             The game lasted 00:02:04 (139 turns).

rehlor the Trooper (Gargoyle Fighter)                Turns: 139, Time: 00:02:04

Health: 0/14       AC:  9    Str: 19    XL:     1   Next: 90%
Magic:  1/1        EV:  9    Int:  8    God:
Gold:   1          SH:  4    Dex:  9    Spells: 0/0 levels left

rFire   . . .      SeeInvis .   a - +0 flail
rCold   . . .      Faith    .   c - +0 buckler
rNeg    + . .      Spirit   .   b - +0 scale mail
rPois   ∞          Reflect  .   (no helmet)
rElec   +          Harm     .   (no cloak)
rCorr   .          Rampage  .   (no gloves)
Will    .....                   (no boots)
Stlth   ..........              (no amulet)
HPRegen 0.04/turn               (no ring)
MPRegen 0.07/turn               (no ring)

@: no status effects
A: sickness immunity, AC +2, negative energy resistance 1, electricity
resistance, torment resistance 1, petrification resistance
a: no special abilities


You were on level 1 of the Dungeon.
You visited 1 branch of the dungeon, and saw 1 of its levels.

You collected 1 gold pieces.

Inventory:

Hand Weapons
 a - a +0 flail (weapon)
Armour
 b - a +0 scale mail (worn)
 c - a +0 buckler (worn)
Potions
 d - a potion of might


   Skills:
 + Level 3.5 Fighting
 + Level 2.0 Maces & Flails
 + Level 3.4 Armour
 + Level 3.4 Shields


You couldn't memorise any spells.
You didn't know any spells.
Your spell library contained the following spells:

 Spells                   Type           Power      Damage    Failure   Level
 Dazzling Flash           Conj/Hex       0%         N/A       99%         3
 Agony                    Necr           0%         N/A       100%        5
 Silence                  Hex/Air        0%         N/A       100%        5


Dungeon Overview and Level Annotations

Branches:
Dungeon (1/15)

Altars:


Innate Abilities, Weirdness & Mutations

You are immune to sickness and miasma.
Your stone body is resilient. (AC +2)
You are immune to poison.
You resist negative energy. (rN+)
You are resistant to electric shocks. (rElec)
You are resistant to unholy torment.
You are immune to petrification.


Message History

You thump the bat!
You kill the bat!
You see here a bat corpse.
Unknown command.
A ball python comes into view.
The ball python hisses angrily.
An endoplasm comes into view.
You closely miss the ball python.
The ball python bites you but does no damage.
The ball python grabs you. The ball python constricts you.
You hit the ball python.
You kill the ball python!
The endoplasm freezes you.
You are frozen.
You see here a ball python corpse.
You barely miss the endoplasm. The endoplasm freezes you.
You are frozen.
The endoplasm attacks as you move away! You block the endoplasm's attack.
The endoplasm attacks as you move away! The endoplasm closely misses you.
The endoplasm attacks as you move away! The endoplasm hits you.
* * * LOW HITPOINT WARNING * * *
The endoplasm attacks as you move away!
The endoplasm hits you but does no damage.
The endoplasm attacks as you move away! The endoplasm barely misses you.
The endoplasm attacks as you move away!
The endoplasm hits you but does no damage.
The endoplasm attacks as you move away!
The endoplasm hits you but does no damage.
The endoplasm attacks as you move away!
The endoplasm hits you but does no damage.
The endoplasm attacks as you move away! The endoplasm closely misses you.
The endoplasm attacks as you move away! You block the endoplasm's attack.
The endoplasm attacks as you move away!
The endoplasm hits you but does no damage.
You barely miss the endoplasm.
The endoplasm jiggles.
The endoplasm freezes you.
You are frozen.
You die...

#..#.# # #..#.##.#
#######.......# #
#...)......#### .
#.######......# . #.#
#.####.# #### ######.
.####.# #.#....####..
.. .... ......#
#.#.#....##.# .#.....
..#####
#.#..@.#.##.###.#..##.
#.#
#....J.#..............
#.#
###...#####.##..#.###.
#.# #...# #.##†.......
#.# ###.# #.......####
#.# #.# ####.#### #.#
#.# #.....# #.#
###.######.....# '.#
#........†.....#


You could see an endoplasm.

Vanquished Creatures
  A ball python (D:1)
  2 bats (D:1)
  A goblin (D:1)
  A hobgoblin (D:1)
5 creatures vanquished.

Notes
Turn   | Place    | Note
-------+----------+-------------------------------------------
     0 | D:1      | rehlor the Gargoyle Fighter began the quest for the Orb.
     0 | D:1      | Reached XP level 1. HP: 14/14 MP: 1/1
   139 | D:1      | Frozen to death by an endoplasm

Illustrated notes

Levels and vault maps discovered:
D:1:      evilmike_arrival_crescent, layout_loops_cross, basic_ecumenical_altar

Action                   || total
-------------------------++-------
Melee: Flail             ||    16
Armor: Scale mail        ||    13
Dodge: Dodged            ||     7
Block: Buckler           ||     4
